 Dungeon Crawl Stone Soup version 0.28.0-53-g5a82cb258f (webtiles) character file.

Game seed: 7965385967322935291

117 Sin92 the Skirmisher (level 4, -7/35 (36) HPs)
             Began as a Demonspawn Fighter on June 7, 2022.
             Was an Initiate of Okawaru.
             Mangled by Crazy Yiuf
             ... wielding a +2 quarterstaff of chaos
              (10 damage)
             ... on level 3 of the Dungeon.
             The game lasted 00:03:21 (3142 turns).

Sin92 the Skirmisher (Demonspawn Fighter)           Turns: 3142, Time: 00:03:22

HP:   -7/35 (36)    AC: 11    Str: 18    XL:     4   Next: 71%
MP:   4/4           EV: 11    Int:  9    God:    Okawaru [......]
Gold: 77            SH: 10    Dex: 13    Spells: 3/3 levels left

rFire   . . .      SeeInvis .   a - +0 trident
rCold   . . .      Faith    .   c - +0 buckler
rNeg    . . .      Spirit   .   g - +0 plate armour
rPois   .          Reflect  +   (no helmet)
rElec   .          Harm     .   (no cloak)
rCorr   .          Rampage  .   (no gloves)
Will    .....                   (no boots)
Stlth   ..........              p - amulet of reflection
HPRegen 0.11/turn               j - +4 ring of evasion
MPRegen 0.09/turn               (no ring)

@: lightly drained
A: hooves 1, repulsion field 1
a: Renounce Religion


You were on level 3 of the Dungeon.
You worshipped Okawaru.
Okawaru was noncommittal.
You visited 1 branch of the dungeon, and saw 3 of its levels.

You collected 77 gold pieces.

Inventory:

Hand Weapons
 a - a +0 trident (weapon)
Armour
 b - a +0 scale mail
 c - a +0 buckler (worn)
 g - a +0 plate armour (worn)
Jewellery
 j - a +4 ring of evasion (left hand)
 p - an amulet of reflection (around neck)
Wands
 n - a wand of iceblast (7)
Scrolls
 e - a scroll of vulnerability
 l - a scroll of amnesia {unknown}
 m - a scroll of magic mapping {unknown}
Potions
 d - 2 potions of might
 f - a potion of degeneration {unknown}
 h - a potion of attraction
 i - a potion of heal wounds {unknown}
 k - a potion of brilliance {unknown}
 o - a potion of magic {unknown}


   Skills:
 + Level 3.6 Fighting
 + Level 2.5 Polearms
 + Level 3.2 Armour
 + Level 1.4 Dodging
 + Level 3.3 Shields
 + Level 0.1 Invocations


You had 3 spell levels left.
You didn't know any spells.
Your spell library contained the following spells:

 Spells                   Type           Power      Damage    Failure   Level
 Sublimation of Blood     Necr           0%         N/A       100%        2
 Wereblood                Tmut           0%         N/A       100%        2
 Summon Hydra             Summ           Unusable   N/A       N/A         7

Dungeon Overview and Level Annotations

Branches:
Dungeon (3/15)

Altars:
Elyvilon
Okawaru
Sif Muna
Uskayaw
Yredelemnul

Shops:
D:1 :

Annotations:
D:3 Crazy Yiuf


Innate Abilities, Weirdness & Mutations

You have large cloven feet.
You are surrounded by a mild repulsion field. (EV +2)


Message History

No reachable target in view!
No reachable target in view!
Unknown command.
Could not explore, unopened runed door.
No reachable target in view!
Unknown command.
Could not explore, unopened runed door.
No reachable target in view!
Could not explore, unopened runed door.
Could not explore, unopened runed door.
No reachable target in view!
Unknown command.
No reachable target in view!
You open the door.
Crazy Yiuf hits you with a +2 quarterstaff of chaos.
Crazy Yiuf burns you.
There is an open translucent door here.
You closely miss Crazy Yiuf.
Crazy Yiuf says, "Whippet shoe fast!"
Crazy Yiuf hits you but does no damage.
You barely miss Crazy Yiuf. You block Crazy Yiuf's attack.
Crazy Yiuf hits you with a +2 quarterstaff of chaos.
You feel drained.
You hit Crazy Yiuf but do no damage. Your kick misses Crazy Yiuf.
Crazy Yiuf hits you with a +2 quarterstaff of chaos!
You hit Crazy Yiuf. Your kick misses Crazy Yiuf.
Crazy Yiuf is lightly wounded.
Crazy Yiuf grits, "You arga sizzlefizz!"
You block Crazy Yiuf's attack.
You barely miss Crazy Yiuf. You kick Crazy Yiuf, but do no damage.
Crazy Yiuf is lightly wounded.
Crazy Yiuf says, "Flower!"
You block Crazy Yiuf's attack.
You hit Crazy Yiuf but do no damage.
Crazy Yiuf is lightly wounded.
Crazy Yiuf whimpers, "Walk green hand!"
Crazy Yiuf hits you with a +2 quarterstaff of chaos!
* * * LOW HITPOINT WARNING * * *
You are electrocuted!
You die...

#....#
#....#
...#.# ###
##...#
#....#####.#
#...##
...........#
##.##
####...###.#
#.##
.....#.###.#
##.#
.#####...#.#
#.##
....##.#...#
##.#
###......#.#
#@#
...........#
#.g.#
...........#
#...#
...........#
#..)#
...........#
#####
..##########
..# ###


You could see Crazy Yiuf.

Vanquished Creatures
  A gnoll (D:2)
  2 adders (D:3)
  2 worms
  3 dart slugs
  4 orcs (D:3)
  6 endoplasms
  4 giant cockroaches
  7 goblins
  16 hobgoblins
  A jackal (D:2)
  3 ball pythons
  4 bats
  2 frilled lizards
  2 kobolds
  12 rats
69 creatures vanquished.

Notes
Turn   | Place    | Note
-------+----------+-------------------------------------------
     0 | D:1      | Sin92 the Demonspawn Fighter began the quest for the Orb.
     0 | D:1      | Reached XP level 1. HP: 18/18 MP: 1/1
   311 | D:1      | Found Acugry's Book Boutique.
   329 | D:1      | Gained mutation: You have large cloven feet. [demonic
                  | ancestry]
   329 | D:1      | Reached XP level 2. HP: 24/24 MP: 2/2
   783 | D:1      | Gained mutation: You are surrounded by a mild repulsion
                  | field. (EV +2) [demonic ancestry]
   783 | D:1      | Reached XP level 3. HP: 29/29 MP: 3/3
  1003 | D:1      | Reached skill level 1 in Dodging
  2279 | D:2      | Reached XP level 4. HP: 35/35 MP: 4/4
  2760 | D:3      | Found an iron altar of Okawaru.
  2768 | D:3      | Found a basalt altar of Yredelemnul.
  2770 | D:3      | Found a hide-covered altar of Uskayaw.
  2772 | D:3      | Found a shimmering blue altar of Sif Muna.
  2780 | D:3      | Became a worshipper of Warmaster Okawaru
  2979 | D:3      | Found a runed translucent door.
  2980 | D:3      | Noticed Crazy Yiuf
  3142 | D:3      | Mangled by Crazy Yiuf

Illustrated notes

Levels and vault maps discovered:
D:1:      saegor_arrival_simple_d, layout_basic, serial_shops,
          nicolae_diamond_shop
D:2:      minmay_diamond_boxcup, layout_loops_corners, roderic_roman_lattice
D:3:      layout_rooms, chequers_temple_overflow_minitemple,
          uniq_crazy_yiuf_cottage

Skill      XL: |  1  2  3 |
---------------+----------+-----
Polearms       | 2 |  2.5
Shields        | 3 |  3.3
Dodging        | 1 |  1.4
Armour         | 3 |  3.2
Fighting       | |  3.6
Invocations    | |  0.1

Action                   |  1- 3 |  4- 6 || total
-------------------------+-------+-------++-------
Melee: Trident           |   155 |    66 ||   221
       Kick              |    18 |    15 ||    33
  Use: Scroll            |       |     5 ||     5
Armor: Scale mail        |    13 |       ||    13
       Plate armour      |    49 |    25 ||    74
Dodge: Dodged            |    41 |    16 ||    57
Block: Buckler           |    22 |    23 ||    45
